 Dungeon Crawl Stone Soup version 0.29.0-4-gdea44cf6ec (webtiles) character file.

Game seed: 7346454801906473189

7 qw the Chopper (level 2, -6/17 HPs)
             Began as a Tengu Warper on Aug 28, 2022.
             Mangled by a worm (8 damage)
             ... on level 1 of the Dungeon.
             The game lasted 00:00:01 (168 turns).

qw the Chopper (Tengu Warper)                        Turns: 168, Time: 00:00:01

Health: -6/17      AC:  3    Str: 11    XL:     2   Next: 0%
Magic:  6/6        EV: 11    Int: 13    God:
Gold:   0          SH:  0    Dex: 13    Spells: 5/5 levels left

rFire   . . .      SeeInvis .   a - +0 hand axe
rCold   . . .      Faith    .   (no shield)
rNeg    . . .      Spirit   .   b - +0 leather armour
rPois   .          Reflect  .   (helmet restricted)
rElec   .          Harm     .   (no cloak)
rCorr   .          Rampage  .   (no gloves)
Will    .....                   (boots unavailable)
Stlth   +.........              (no amulet)
HPRegen 0.05/turn               (no ring)
MPRegen 0.10/turn               (no ring)

@: no status effects
A: beak, talons 3
a: no special abilities


You were on level 1 of the Dungeon.
You visited 1 branch of the dungeon, and saw 1 of its levels.


Innate Abilities, Weirdness & Mutations

You have a beak for a mouth.
You have claws for feet.


   Skills:
 - Level 2.0 Fighting
 + Level 2.9 Axes
 - Level 1.0 Throwing
 - Level 1.1 Armour
 - Level 2.1 Dodging
 - Level 2.0 Spellcasting
 - Level 2.4 Translocations


You had 5 spell levels left.
You didn't know any spells.
Your spell library contained the following spells:

 Spells                   Type           Power      Damage    Failure   Level
 Blink                    Tloc           14%        N/A       19%         2
 Gell's Gravitas          Tloc           7%         N/A       36%         3
 Lesser Beckoning         Tloc           7%         N/A       36%         3
 Teleport Other           Tloc           7%         N/A       36%         3
 Manifold Assault         Tloc           7%         N/A       98%         5

Inventory:

Hand Weapons
 a - a +0 hand axe (weapon)
Armour
 b - a +0 leather armour (worn)
Scrolls
 c - a scroll of blinking
Potions
 e - a potion of heal wounds {unknown}

Dungeon Overview and Level Annotations

Branches:
Dungeon (1/15)

Altars:


Message History

The rat twitches its whiskers.
You hit the rat.
You kill the rat!
The goblin falls through a shaft!
The shaft crumbles and collapses.
154 ||| Stepping ~*~*~tactically~*~*~ (stealth).
You see here a rat corpse.
The ball python hisses angrily.
156 ||| Stepping ~*~*~tactically~*~*~ (stealth).
You see here a rat corpse.
You closely miss the goblin. You claw the goblin.
The goblin is moderately wounded.
The goblin barely misses you. The goblin hits you with a +0 dagger.
You barely miss the goblin. Your kick misses the goblin.
The goblin is moderately wounded.
The goblin hits you with a +0 dagger.
You slash the goblin!
You kill the goblin!
You hit the ball python.
The ball python is moderately wounded.
The ball python bites you. The ball python barely misses you.
The ball python closely misses you. The ball python completely misses you.
You hit the ball python.
You kill the ball python!
You have reached level 2!
You barely miss the worm. You claw the worm.
The worm is lightly wounded.
You hit the worm. Your kick misses the worm. You peck the worm.
The worm is heavily wounded.
The worm bites you!
Ouch! That really hurt!
You hit the worm. Your kick misses the worm.
The worm is heavily wounded.
The worm barely misses you.
You barely miss the worm. You claw the worm.
You peck the worm, but do no damage.
The worm is severely wounded.
You hit the worm. You peck the worm.
The worm is almost dead.
The worm bites you!
You die...

#.... #$...
###.....#####
#.> .......###
#.. ..#..... #.#
#.#.#.## #.#
#.#....# ####.#
#.w@.# #....#
#.##...#
#####.##|#####.#
#.##
...##.##.......#
.#
##......####...#
# ####.###
#wS..%# #.#
#...$...# #.#
#....S^>..# #.#
#..^^.....#


You could see a worm.

Vanquished Creatures
  2 goblins (D:1)
  2 ball pythons (D:1)
  A frilled lizard (D:1)
  2 rats (D:1)
7 creatures vanquished.

Notes
Turn   | Place    | Note
-------+----------+-------------------------------------------
     0 | D:1      | qw the Tengu Warper began the quest for the Orb.
     0 | D:1      | Reached XP level 1. HP: 12/12 MP: 4/4
     0 | D:1      | 0 ||| qw: Version: 0.1-a-89-g26bdef1
     0 | D:1      | 0 ||| qw: Game counter: 2998
     0 | D:1      | 0 ||| qw: Always use a shield: true
     0 | D:1      | 0 ||| qw: God list: Okawaru
     0 | D:1      | 0 ||| qw: Allow faded altars: false
     0 | D:1      | 0 ||| qw: Do Orc after D:15 true
     0 | D:1      | 0 ||| qw: Do second Lair branch before Depths: true
     0 | D:1      | 0 ||| qw: Lair rune preference: random
     0 | D:1      | 0 ||| qw: Plans: Normal
     0 | D:1      | 0 ||| PLANNING D:1-11
   154 | D:1      | 154 ||| Stepping ~*~*~tactically~*~*~ (stealth).
   156 | D:1      | 156 ||| Stepping ~*~*~tactically~*~*~ (stealth).
   163 | D:1      | Reached XP level 2. HP: 10/17 MP: 6/6
   165 | D:1      | HP: 1/17 [worm (9)]
   168 | D:1      | Mangled by a worm

Levels and vault maps discovered:
D:1:      amcnicky_arrival_wind_blow, layout_loops_ring,
          shapermc_ecumenical_altar_acropolis, nicolae_wormholes

Action                   || total
-------------------------++-------
Melee: Hand axe          ||    11
       Kick              ||     3
       Peck              ||     3
Throw: Boomerang         ||     7
Dodge: Dodged            ||     5

Table legend:
 A = Non-vault XP
 B = Vault XP
 C = Vault XP percentage of total XP
 D = Non-vault monster count
 E = Vault monster count
 F = Vault count percentage of total count
                 A         B        C        D         E       F
            +---------+---------+-------+---------+---------+-------
      Total |      10 |       0 |   0.0 |       7 |       0 |   0.0
            +---------+---------+-------+---------+---------+-------
        D:1 |      10 |       0 |   0.0 |       7 |       0 |   0.0
            +---------+---------+-------+---------+---------+-------
